Map: Triton LE

Players

Fender

  • Race: Protoss Protoss
  • League: Master
  • Spawn Location: 5:00

ViBE - Winner!

  • Race: Zerg Zerg
  • League: Master
  • Spawn Location: 11:00

VOD

Have the link to the VOD?

Description

Time

  • Played on: Dec. 26, 2019, 5:55 a.m.
  • Length: 15:36
Show
View Real Time Build Order
Export as new Build Order

Fender Protoss 

Build Orders: 1 Gate Expand, Oracle Opening, Phoenix Opening 

Get SALT Encoding   

  12  0:01  Probe  
  13  0:13  Probe  
  14  0:20  Pylon  
  15  0:28  Probe  
  15  0:39  Gateway  
  15  0:42  Probe  
  16  0:46  Assimilator  
  16  0:54  Probe (Chrono Boost)  
  18  1:05  Probe (Chrono Boost)  
  18  1:09  Probe (Chrono Boost)  
  19  1:27  Nexus  
  19  1:35  Cybernetics Core  
  19  1:40  Assimilator  
  19  1:48  Pylon  
  19  1:50  Probe (Chrono Boost)  
  20  2:00  Probe (Chrono Boost)  
  21  2:04  Probe (Chrono Boost)  
  22  2:11  Adept  
  24  2:25  Probe  
  24  2:26  Stargate  
  25  2:37  Probe (Chrono Boost)  
  25  2:39  Probe (Chrono Boost)  
  25  2:41  Adept  
  29  2:48  Probe (Chrono Boost)  
  29  2:49  Probe (Chrono Boost)  
  31  2:53  Probe (Chrono Boost)  
  31  2:54  Probe (Chrono Boost)  
  33  3:03  Probe  
  34  3:10  Gateway  
  34  3:11  Probe  
  35  3:15  Gateway  
  35  3:18  Phoenix  
  37  3:27  Probe  
  38  3:29  Probe  
  39  3:39  Warp Gate (Chrono Boost), Probe  
  39  3:40  Adept (Chrono Boost)  
  39  3:41  Assimilator, Probe  
  39  3:43  Oracle (Chrono Boost)  
  44  3:51  Probe  
  44  3:53  Probe  
  46  3:58  Pylon  
  46  4:03  Pylon  
  46  4:08  Shield Battery  
  46  4:16  Oracle  
  46  4:17  Probe x2  
  51  4:29  Probe x2  
  53  4:41  Probe  
  53  4:42  Nexus  
  54  4:49  Probe  
  52  4:52  Pylon  
  52  4:53  Probe  
  52  4:54  Pylon  
  53  5:05  Forge, Robotics Facility, Probe x2  
  55  5:07  Gateway  
  55  5:10  Gateway  
  54  5:18  Probe x2 (Chrono Boost)  
  56  5:26  Assimilator  
  56  5:30  Probe x2 (Chrono Boost)  
  58  5:38  Probe x2 (Chrono Boost)  
  58  5:40  Protoss Ground Weapons Level 1  
  58  5:42  Gateway  
  60  5:44  Void Ray (Chrono Boost)  
  60  5:45  Gateway  
  60  5:49  Gateway  
  64  5:50  Shield Battery  
  64  5:52  Shield Battery  
  64  5:55  Shield Battery  
  64  6:06  Probe x3  
  67  6:13  Immortal (Chrono Boost)  
  67  6:18  Probe x3  
  74  6:23  Robotics Facility  
  74  6:30  Probe x3  
  77  6:42  Probe x3  
  77  6:44  Zealot x6  
  92  6:54  Probe  
  92  6:56  Pylon  
  92  6:58  Pylon  
  92  6:59  Pylon  
  92  7:00  Pylon  
  93  7:05  Assimilator x2  
  93  7:14  Probe  
  93  7:15  Immortal (Chrono Boost)  
  98  7:23  Forge, Probe x2  
  98  7:26  Probe  
  101  7:35  Probe  
  102  7:38  Probe  
  102  7:39  Twilight Council, Probe  
  102  7:42  Nexus  
  102  7:43  Pylon  
  104  7:45  Gateway, Immortal (Chrono Boost)  
  104  7:47  Probe  
  104  7:48  Protoss Ground Armor Level 1 (Chrono Boost)  
  104  7:49  Gateway  
  104  7:50  Gateway, Immortal (Chrono Boost), Probe  
  111  7:51  Probe  
  112  8:13  Charge (Chrono Boost)  
  112  8:14  Protoss Ground Weapons Level 2 (Chrono Boost)  
  112  8:20  Templar Archives  
  112  8:21  Immortal (Chrono Boost)  
  120  8:30  Robotics Facility, Zealot x5, Immortal (Chrono Boost)  
  130  8:38  Shield Battery  
  130  8:39  Shield Battery  
  130  8:40  Probe x2  
  130  8:41  Shield Battery, Probe  
  133  8:43  Photon Cannon  
  133  8:56  Pylon  
  133  8:58  Pylon, Zealot  
  133  9:02  Pylon  
  135  9:03  Pylon  
  135  9:04  Pylon  
  133  9:11  Zealot x7  
  133  9:16  Pylon  
  147  9:19  Pylon  
  151  9:25  Immortal (Chrono Boost)  
  151  9:29  Zealot x4  
  132  9:47  Zealot x5  
  132  9:48  Zealot x2  
  132  9:50  Observer (Chrono Boost)  
  147  9:58  Protoss Ground Armor Level 2 (Chrono Boost)  
  147  10:08  High Templar x5  
  147  10:09  High Templar x2  
  147  10:12  Archon x2  
  147  10:13  Archon  
  161  10:15  Pylon  
  161  10:17  Pylon  
  161  10:19  Pylon  
  161  10:20  Immortal  
  165  10:22  Pylon  
  165  10:24  Pylon  
  165  10:34  High Templar  
  167  10:36  High Templar  
  167  10:37  High Templar  
  167  10:39  Zealot  
  167  10:40  Archon  
  173  10:43  Archon  
  147  10:57  Immortal x3 (Chrono Boost)  
  147  10:58  High Templar  
  147  10:59  High Templar  
  147  11:02  Protoss Ground Weapons Level 3 (Chrono Boost)  
  163  11:07  Archon  
  163  11:10  Zealot x2  
  167  11:16  Psionic Storm  
  167  11:23  Zealot x2  
  171  11:29  Immortal x2  
  165  11:33  Zealot  
  165  11:34  Zealot x3  
  165  11:35  Zealot  
  143  11:42  Zealot x2  
  131  11:48  Zealot x2  
  133  11:56  Zealot x2  
  133  11:57  Zealot  
  139  12:06  Zealot x3  
  139  12:07  Zealot  
  147  12:12  Zealot  
  143  12:20  Zealot x3  
  143  12:21  Zealot x2  
  147  12:32  Zealot x2  
  147  12:33  Zealot x2  
  127  13:08  Stalker x5  
  127  13:09  Stalker x4, Blink (Chrono Boost)  
  127  13:10  Stalker  
  121  13:27  Zealot  
  121  13:32  Zealot x5  
  133  13:40  Zealot  
  133  13:41  Zealot x2  
  136  13:57  Zealot x5  
  100  14:30  Zealot  
  100  14:31  Zealot x5  
  102  14:32  Zealot x4  
  102  14:33  Observer  
Show
View Real Time Build Order
Export as new Build Order

ViBE Zerg - Winner!

Build Orders: Hatch First, Brood Lord Corruptor 

Get SALT Encoding   

  12  0:00  Drone  
  13  0:13  Overlord  
  13  0:18  Drone  
  14  0:31  Drone x2  
  16  0:51  Hatchery  
  16  0:52  Drone  
  16  0:56  Drone  
  17  1:00  Drone  
  18  1:06  Extractor  
  17  1:15  Spawning Pool  
  17  1:18  Drone  
  17  1:23  Drone  
  18  1:31  Drone  
  19  1:40  Overlord  
  19  1:55  Drone  
  20  2:01  Drone  
  20  2:03  Queen  
  20  2:04  Queen  
  25  2:11  Drone, Metabolic Boost  
  26  2:19  Drone x2  
  28  2:27  Drone x2  
  30  2:38  Overlord  
  30  2:41  Drone  
  31  2:44  Drone  
  31  2:51  Queen  
  34  2:55  Overlord  
  34  2:56  Hatchery  
  33  3:02  Zergling x2  
  33  3:03  Zergling x2  
  35  3:06  Drone  
  36  3:15  Drone x2  
  36  3:19  Drone x5  
  43  3:29  Drone  
  43  3:30  Drone  
  45  3:38  Drone  
  45  3:39  Drone  
  47  3:45  Overlord  
  47  3:46  Overlord  
  47  3:53  Overlord x2  
  47  3:56  Drone x4  
  51  4:02  Lair  
  51  4:03  Roach Warren  
  51  4:04  Overlord  
  50  4:13  Spore Crawler  
  50  4:15  Spore Crawler, Queen  
  50  4:17  Spore Crawler  
  50  4:21  Drone x5  
  54  4:25  Drone  
  54  4:26  Drone x3  
  54  4:28  Extractor  
  54  4:31  Overlord, Extractor  
  55  4:40  Drone x5  
  57  4:51  Drone x3  
  60  5:05  Drone x6, Baneling Nest  
  60  5:06  Hydralisk Den, Extractor  
  63  5:09  Evolution Chamber  
  61  5:17  Zergling x6  
  64  5:25  Roach x5  
  64  5:27  Zergling x4  
  76  5:36  Zerg Melee Weapons Level 1  
  76  5:37  Grooved Spines  
  76  5:39  Drone x5  
  81  5:43  Drone  
  81  5:44  Hatchery, Extractor  
  81  5:45  Extractor  
  79  5:54  Drone  
  79  5:55  Drone x10  
  90  6:07  Centrifical Hooks  
  90  6:34  Overlord  
  90  6:35  Overlord x6  
  90  6:37  Baneling x7  
  90  6:53  Drone x10  
  99  7:00  Drone x5  
  104  7:02  Muscular Augments  
  104  7:06  Hydralisk x2  
  108  7:17  Hydralisk  
  108  7:18  Hydralisk x8  
  108  7:21  Hydralisk  
  108  7:22  Hydralisk  
  130  7:32  Extractor  
  130  7:33  Drone, Spore Crawler  
  130  7:34  Drone x2, Extractor  
  130  7:37  Drone x3  
  130  7:41  Zerg Melee Weapons Level 2  
  130  7:42  Infestation Pit  
  131  7:45  Overlord x6  
  131  7:46  Overlord  
  131  7:52  Hydralisk x5  
  141  8:11  Hydralisk x9  
  141  8:12  Zergling x18  
  168  8:18  Hive  
  168  8:20  Spire  
  168  8:23  Drone x2, Lurker Den  
  168  8:43  Zergling x2  
  168  8:44  Zergling x32  
  168  8:47  Baneling x15  
  168  8:48  Baneling x2  
  185  9:02  Hatchery  
  183  9:05  Zergling x16  
  183  9:06  Zergling x2  
  190  9:19  Overseer  
  190  9:20  Overseer  
  185  9:32  Zergling x2  
  185  9:33  Zergling x24  
  185  9:36  Adaptive Talons  
  185  9:38  Adrenal Glands  
  192  9:47  Greater Spire  
  192  10:13  Spore Crawler, Zerg Melee Weapons Level 3  
  191  10:17  Drone x4  
  191  10:21  Extractor  
  194  10:24  Extractor  
  193  10:33  Seismic Spines  
  193  10:36  Pneumatized Carapace, Burrow  
  181  10:54  Zergling x4  
  181  10:55  Zergling x32  
  199  10:59  Baneling  
  199  11:00  Baneling x18  
  182  11:34  Zergling x6  
  182  11:35  Zergling x42  
  139  11:53  Corruptor x6  
  139  11:54  Corruptor x4  
  131  12:16  Hatchery  
  125  12:29  Brood Lord  
  125  12:30  Brood Lord x5  
  125  12:31  Brood Lord  
  125  12:35  Brood Lord x3  
  125  12:36  Corruptor x4  
  125  12:37  Corruptor x6  
  128  12:39  Zergling x8  
  128  12:40  Zergling x20  
  143  12:51  Hatchery  
  137  13:01  Zergling x20  
  140  13:11  Zergling x8  
  141  13:23  Drone x3  
  142  13:30  Lair  
  142  13:54  Zergling x24  
  141  14:14  Zergling x8  
  126  14:34  Spire, Hydralisk  
  126  14:35  Hydralisk x5, Hatchery  
  126  14:40  Drone x3  
  119  14:51  Zergling x8  
  119  14:52  Zergling x6  
  119  15:01  Lurker x6  
Tags
 
Add a new tag
Caveats
  • Supply blocks, unpowered buildings, or Contaminate may cause inaccurate times.
  • Supply counts are checked every 10 seconds.